 Dungeon Crawl Stone Soup version 0.29.1-13-g9f3cf754e1 (webtiles) character file.

Game seed: 15353782770070541380

65 Thatpatchoflichen the Poker (level 3, -2/31 HPs)
             Began as a Draconian Gladiator on Feb 1, 2023.
             Killed from afar by a white imp (6 damage)
             ... with a puff of frost
             ... summoned by Natasha
             ... on level 2 of the Dungeon.
             The game lasted 00:04:05 (1174 turns).

Thatpatchoflichen the Poker (Draconian Gladiator)   Turns: 1174, Time: 00:04:08

Health: -2/31      AC:  5    Str: 18    XL:     3   Next: 94%
Magic:  3/3        EV: 12    Int:  8    God:
Gold:   94         SH:  0    Dex: 12    Spells: 2/2 levels left

rFire   . . .      SeeInvis .   j - +0 spear (venom)
rCold   . . .      Faith    .   (no shield)
rNeg    . . .      Spirit   .   (body armour unavailable)
rPois   .          Reflect  .   b - +0 hat
rElec   .          Harm     .   (no cloak)
rCorr   .          Rampage  .   (no gloves)
Will    .....                   (no boots)
Stlth   +.........              (no amulet)
HPRegen 0.10/turn               (no ring)
MPRegen 0.08/turn               (no ring)

@: slowed, very slow
A: AC +5, unfitting armour, cold-blooded
a: no special abilities


You were on level 2 of the Dungeon.
You visited 1 branch of the dungeon, and saw 3 of its levels.

You collected 94 gold pieces.

Inventory:

Hand Weapons
 a - a +0 trident
 j - a +0 spear of venom (weapon)
Missiles
 c - 3 throwing nets (quivered)
 d - a javelin
 l - 3 poisoned darts
Armour
 b - a +0 hat (worn)
Scrolls
 h - a scroll of blinking {unknown}
 i - a scroll of immolation {unknown}
 k - a scroll of noise {unknown}
 m - 2 scrolls of butterflies {unknown}
 o - 2 scrolls of amnesia {unknown}
 r - 2 scrolls of teleportation {unknown}
 t - a scroll of identify {unknown}
Potions
 e - a potion of flight {unknown}
 f - 2 potions of resistance {unknown}
 g - a potion of brilliance
 n - a potion of berserk rage {unknown}
 p - a potion of attraction {unknown}
 q - a potion of mutation {unknown}
 s - a potion of degeneration {unknown}


   Skills:
 + Level 3.0 Fighting
 + Level 3.5 Polearms
 + Level 2.4 Throwing
 + Level 3.2 Dodging


You had 2 spell levels left.
You didn't know any spells.
Your spell library was empty.

Dungeon Overview and Level Annotations

Branches:
Dungeon (3/15)

Altars:
Dithmenos

Annotations:
D:2 Natasha, Sigmund


Innate Abilities, Weirdness & Mutations

Your plain brown scales are hard. (AC +5)
You cannot fit into any form of body armour.
You are cold-blooded and may be slowed by cold attacks.


Message History

Found 14 gold pieces.
r - 2 scrolls labelled YLYMOV PUHU (gained 1)
You now have 68 gold pieces (gained 9).
Found a metallic ruby potion.
You now have 82 gold pieces (gained 14).
f - 2 metallic ruby potions (gained 1)
Found 12 gold pieces and a scroll labelled POCOUDA UKID.
A ball python comes into view.
You closely miss the ball python. The ball python bites you.
The ball python grabs you. The ball python constricts you.
You closely miss the ball python. You tail-slap the ball python.
You kill the ball python!
t - a scroll labelled POCOUDA UKID You now have 94 gold pieces (gained 12).
Found a stone staircase leading down.
Natasha, Servant of Life and Death comes into view.
Natasha hisses angrily.
Natasha mumbles some strange words.
Natasha drinks a potion.
Natasha's spells are empowered!
Natasha stares at you and mumbles some strange words.
The magic dart hits you. The shadow imp puffs mist at you.
Natasha closely misses you. The shadow imp barely misses you.
You closely miss Natasha.
Natasha casts a spell.
You hit Natasha.
Natasha is poisoned.
Your tail-slap misses Natasha.
Natasha is moderately wounded.
The shadow imp hits you. Natasha barely misses you.
You hit Natasha but do no damage.
Natasha looks as sick as possible!
Natasha is heavily wounded.
The white imp hits you. The white imp freezes you.
You feel yourself slow down. The shadow imp barely misses you.
Natasha claws you!
* * * LOW HITPOINT WARNING * * *
You hit Natasha but do no damage.
Your tail-slap misses Natasha.
Natasha is severely wounded.
The white imp barely misses you. The shadow imp barely misses you.
Natasha closely misses you. The white imp gestures at you.
The puff of frost hits you.
You die...

##### #...#
#...# #...###
#..... #....#
#.5h5#
#..@###...
#>..+ ...#
#...# #..##
##########...#
...#
#............#
#..#
#..........###
#..#
#..........#
#..#
#..........#
#..#### #.
#..........#
###.....###.##.


You could see Natasha (empowered, extremely poisoned), a white imp (summoned)
and a shadow imp (summoned).

Vanquished Creatures
  Natasha (D:2)
  2 adders
  5 ball pythons
  2 bats (D:1)
  3 endoplasms (D:1)
  2 giant cockroaches (D:1)
  A jackal (D:1)
  3 kobolds (D:1)
  A quokka (D:1)
  A frilled lizard (D:1)
  2 rats (D:1)
23 creatures vanquished.

Notes
Turn   | Place    | Note
-------+----------+-------------------------------------------
     0 | D:1      | Thatpatchoflichen the Draconian Gladiator began the quest
                  | for the Orb.
     0 | D:1      | Reached XP level 1. HP: 17/17 MP: 1/1
   201 | D:1      | Reached XP level 2. HP: 24/25 MP: 2/2
   341 | D:2      | Noticed Sigmund
   350 | D:1      | Found a faded altar of an unknown god.
   794 | D:1      | Reached XP level 3. HP: 24/30 MP: 3/3
  1043 | D:2      | Found a shadowy altar of Dithmenos.
  1053 | D:2      | Noticed Natasha
  1067 | D:2      | Killed Natasha
  1164 | D:2      | Noticed Natasha
  1174 | D:2      | Killed from afar by a white imp

Illustrated notes

Levels and vault maps discovered:
D:1:      dpeg_chamrin_arrival_tetris, layout_loops_cross,
          basic_ecumenical_altar, minmay_small_reverse_x
D:2:      layout_basic, basic_altar, kennysheep_minor_cross, uniq_sigmund,
          uniq_natasha
D:3:      layout_rooms

Skill      XL: |  1  2  3 |
---------------+----------+-----
Throwing       | 2 |  2.4
Dodging        | 3 |  3.2
Fighting       | 3 |  3.0
Polearms       | |  3.5

Action                   || total
-------------------------++-------
Melee: Trident           ||    14
       Tailslap          ||    10
       Spear             ||    64
       Punch             ||     1
 Stab: Sleeping          ||     3
Armor: Skin              ||    23
Dodge: Dodged            ||    81
